 Dungeon Crawl Stone Soup version 0.29.1 (webtiles) character file.

Game seed: 14243363135322848601

18939 leavemydog the Eclecticist (level 12, -1/64 HPs)
             Began as a Deep Elf Conjurer on Sept 12, 2022.
             Was an Elder of Vehumet.
             Slain by a freezing wraith (11 damage)
             ... on level 13 of the Dungeon.
             The game lasted 00:36:05 (18641 turns).

leavemydog the Eclecticist (Deep Elf Conjurer)     Turns: 18641, Time: 00:36:05

Health: -1/64      AC: 17    Str:  3    XL:     12   Next: 32%
Magic:  6/33       EV: 12    Int: 33    God:    Vehumet [****..]
Gold:   799        SH:  0    Dex: 16    Spells: 27/42 levels left

rFire   + . .      SeeInvis .   d - staff of fire
rCold   . . .      Faith    .   (no shield)
rNeg    . . .      Spirit   .   m - +0 robe of Immorality {Dex+4 Stlth+}
rPois   .          Reflect  .   O - +2 hat
rElec   .          Harm     .   w - +2 cloak
rCorr   .          Rampage  .   T - +0 pair of gloves
Will    ++...                   r - +2 pair of boots
Stlth   ++++......              f - amulet of magic regeneration
HPRegen 0.20/turn               q - +4 ring of protection
MPRegen 0.63/turn               J - ring of flight

@: flying
A: antennae 1, iridescent scales 1, clever 1, strong-willed 1
a: Renounce Religion


You were on level 13 of the Dungeon.
You worshipped Vehumet.
Vehumet was greatly pleased with you.
You visited 2 branches of the dungeon, and saw 14 of its levels.
You also visited: Bailey.

You collected 1279 gold pieces.
You spent 480 gold pieces at shops.

Inventory:

Hand Weapons
 i - a +2 short sword of electrocution
Missiles
 y - 2 javelins
 F - 6 silver javelins
Armour
 m - the +0 robe of Immorality (worn) {Dex+4 Stlth+}
   (You found it on level 2 of the Dungeon)

   Dex:       It affects your dexterity (+4).
   Stlth:     It makes you more stealthy.
 r - a +2 pair of boots (worn)
 u - the +0 robe of Xinuh {Rampage rElec SInv}
   (You found it on level 4 of the Dungeon)

   rElec:     It insulates you from electricity.
   SInv:      It lets you see invisible.
   Rampage:   It bestows one free step when moving towards enemies.
 w - a +2 cloak (worn)
 B - +0 steam dragon scales
 O - a +2 hat (worn)
 T - a +0 pair of gloves (worn)
Magical Staves
 d - a staff of fire (weapon)
 M - a staff of earth
Jewellery
 f - an amulet of magic regeneration (around neck)
 p - a ring of resist corrosion
 q - a +4 ring of protection (left hand)
 J - a ring of flight (right hand)
 P - a ring of poison resistance
 S - a ring of protection from fire
Wands
 e - a wand of flame (40)
 t - a wand of charming (26)
 D - a wand of iceblast (9)
 I - a wand of mindburst (17)
 L - a wand of polymorph (6)
 R - a wand of quicksilver (6)
Scrolls
 a - 5 scrolls of magic mapping
 g - 7 scrolls of immolation
 h - 2 scrolls of amnesia
 j - 6 scrolls of teleportation
 l - 5 scrolls of fog
 o - 3 scrolls of blinking
 s - a scroll of enchant weapon
 x - a scroll of fear
 C - 2 scrolls of torment
 E - 2 scrolls of summoning
 K - 2 scrolls of vulnerability
 Q - a scroll of poison
Potions
 b - 3 potions of ambrosia
 c - 2 potions of attraction
 k - 4 potions of curing
 n - a potion of berserk rage
 v - 6 potions of flight
 z - a potion of invisibility
 A - a potion of resistance {unknown}
 G - 3 potions of brilliance
 H - a potion of cancellation {unknown}
Miscellaneous
 U - a piece from Xom's chessboard (9/15)


   Skills:
 * Level 2.8 Fighting
 - Level 2.4 Dodging
 + Level 4.5 Stealth
 + Level 15.5 Spellcasting
 + Level 13.5 Conjurations
 - Level 9.0 Hexes
 - Level 8.0 Translocations
 * Level 4.2 Air Magic
 + Level 0.1 Evocations


You had 27 spell levels left.
You knew the following spells:

 Your Spells              Type           Power      Damage    Failure   Level
a - Magic Dart            Conj           100%       1d8       0%          1
b - Searing Ray           Conj           100%       2d8       0%          2
c - Iskenderun's Mystic   Conj/Tloc      77%        2d15      1%          4
d - Fulminant Prism       Conj/Hex       39%        3d18      1%          4
e - Airstrike             Air            26%        2d(4-20)  1%          4

Your spell library contained the following spells:

 Spells                   Type           Power      Damage    Failure   Level
 Starburst                Conj/Fire      40%        6d12      4%          6
 Foxfire                  Conj/Fire      100%       2x1d9     1%          1
 Static Discharge         Conj/Air       71%        3-12/arc  1%          2
 Conjure Flame            Conj/Fire      81%        6-21      1%          3
 Dazzling Flash           Conj/Hex       100%       N/A       1%          3
 Ignite Poison            Fire/Tmut/Pois 38%        N/A       1%          3
 Inner Flame              Hex/Fire       70%        N/A       1%          3
 Flame Wave               Conj/Fire      81%        2d18      1%          4
 Hailstorm                Conj/Ice       63%        3d13      1%          4
 Sticky Flame             Conj/Fire      81%        2d9       1%          4
 Lightning Bolt           Conj/Air       35%        1d53      1%          5
 Ice Form                 Ice/Tmut       25%        N/A       16%         4
 Petrify                  Tmut/Erth      25%        N/A       16%         4
 Summon Ice Beast         Ice/Summ       25%        N/A       16%         4
 Simulacrum               Ice/Necr       12%        N/A       94%         6
 Maxwell's Capacitive Co  Air            26%        ∞         98%         8


Dungeon Overview and Level Annotations

Branches:
Dungeon (13/15)            Temple (1/1) D:5            Lair (0/5) D:8
    Orc (0/2) D:11         Bailey (visited)
 Vaults: D:13-14

Altars:
Ashenzari
Cheibriados
Dithmenos
Elyvilon
Fedhas
Gozag
Hepliaklqana
Kikubaaqudgha
Makhleb
Nemelex Xobeh
Okawaru
Qazlal
Ru
Sif Muna
Trog
Uskayaw
Vehumet
Wu Jian
Xom
Yredelemnul
Zin
The Shining One

Shops:
D:9 ?   D:10 [[[

Annotations:
D:11 1 runed translucent door


Innate Abilities, Weirdness & Mutations

You have a pair of small antennae on your head.
You are partially covered in iridescent scales. (AC +2)
Your mind is acute. (Int +4, Str/Dex -1)
You are strong-willed. (Will+)


Message History

You feel your power returning.
The mystic blast hits the wraith!!
The wraith is almost destroyed.
The wraith is knocked back by the mystic blast.
The mystic blast hits the manticore.
The manticore is severely wounded.
The manticore is knocked back by the mystic blast.
The mystic blast hits Josephine!
Josephine is severely wounded.
Josephine is knocked back by the mystic blast.
Josephine slams into the rock wall!
Josephine is almost dead.
Casting: Iskenderun's Mystic Blast (safe; 1% risk of failure)
Confirm with . or Enter, or press ? or * to list all spells.
You can't see any susceptible monsters within range! (Use Z to cast anyway.)
You make a move on Xom's chessboard...
Josephine resists with almost no effort.
A freezing wraith comes into view.
Casting: Iskenderun's Mystic Blast (safe; 1% risk of failure)
Confirm with . or Enter, or press ? or * to list all spells.
You erupt in a blast of force!
The mystic blast hits Josephine!
You kill Josephine!
Vehumet accepts your kill.
You feel your power returning.
The mystic blast hits the wraith!
You destroy the wraith!
Vehumet accepts your kill.
You feel your power returning.
The mystic blast hits the freezing wraith!
The freezing wraith is lightly damaged.
The freezing wraith is knocked back by the mystic blast.
You hear a howl!
The manticore flicks its tail.
The volley of spikes misses you.
Your life force feels restored.
Training target 9.0 for Hexes reached!
Your Hexes skill increases to level 9!
Your Air Magic skill increases to level 4!
The freezing wraith hits you!
* * * LOW HITPOINT WARNING * * *
The freezing wraith freezes you!
You die...

#. #. .# #. .## ##.##
..c#. ######...#######
.....
.......#W...........W.
######.@..).####.H*W..
............##.....W..
.######.#..[##.#
#.##H###.###.#
#....).......#
####.....##### #######


You could see a manticore and a freezing wraith.

Vanquished Creatures
  Josephine (D:13)
  2 vault guards (Bailey)
  A two-headed ogre (D:11)
  A centaur warrior (D:13)
  A death knight (D:11)
  Lodul (D:12)
  An ugly thing (D:12)
  2 manticores (D:12)
  2 cyclopes
  Maggie (D:6)
  An unseen horror (D:11)
  2 komodo dragons
  A troll (D:12)
  Prince Ribbit (Bailey)
  2 hornets
  2 shadows (D:11)
  5 humans (Bailey)
  7 wraiths
  9 yaks
  3 vampires
  2 steam dragons (D:8)
  2 acid dragons (D:11)
  A water moccasin (D:4)
  2 sky beasts
  2 black bears
  5 orc warriors
  9 ogres
  4 centaurs
  The ghost of Camille the Chiller, an amateur HuIE (D:3)
  5 phantoms
  4 kobold brigands
  15 bullfrogs
  Blork the orc (D:6)
  4 scorpions
  A gnoll sergeant (D:9)
  8 wights
  A troll zombie (D:11)
  11 killer bees
  13 howler monkeys
  A centaur zombie (D:3)
  6 hounds
  2 jellies
  2 gnoll boudas (D:8)
  3 orc priests
  A bullfrog skeleton (D:3)
  Jessica (D:2)
  3 iguanas
  Ijyb (D:3)
  Terence (D:1)
  10 orc wizards
  7 ogre zombies (D:11)
  9 gnolls
  3 adders
  4 white imps
  2 ufetubi
  3 worms
  2 dart slugs
  26 orcs
  4 bats
  7 endoplasms
  A giant cockroach (D:2)
  10 goblins
  9 hobgoblins
  5 jackals (D:5)
  8 quokkas
  5 ball pythons
  6 frilled lizards
  2 goblin skeletons (D:11)
  4 goblin zombies (D:11)
  2 hobgoblin skeletons (D:11)
  A hobgoblin zombie (D:11)
  29 kobolds
  3 orc skeletons (D:11)
  13 orc zombies (D:11)
  2 rats
335 creatures vanquished.

Vanquished Creatures (others)
  A water moccasin (D:8)
  A sky beast (D:6)
  An orc wizard (D:9)
  22 fulminant prisms
  24 plants (D:8)
49 creatures vanquished.

Grand Total: 384 creatures vanquished

Notes
Turn   | Place    | Note
-------+----------+-------------------------------------------
     0 | D:1      | leavemydog the Deep Elf Conjurer began the quest for the
                  | Orb.
     0 | D:1      | Reached XP level 1. HP: 10/10 MP: 6/6
   154 | D:1      | Found a faded altar of an unknown god.
   291 | D:1      | Reached XP level 2. HP: 15/15 MP: 4/8
   294 | D:1      | Learned a level 2 spell: Searing Ray
   427 | D:1      | Reached skill level 5 in Conjurations
  1013 | D:2      | Reached XP level 3. HP: 19/19 MP: 7/9
  1141 | D:2      | Noticed Terence
  1427 | D:2      | Got Futohoqu's Atlas of the Figure and Hypothermia
  1438 | D:2      | Noticed Jessica
  1442 | D:2      | Killed Jessica
  2296 | D:2      | Identified the +0 robe of Immorality {Dex+4 Stlth+}
  2552 | D:2      | Reached XP level 4. HP: 24/24 MP: 9/11
  2592 | D:2      | Learned a level 4 spell: Iskenderun's Mystic Blast
  2667 | D:3      | Gained mutation: You are strong-willed. (Will+) [potion of
                  | mutation]
  2667 | D:3      | Gained mutation: You occasionally lose the ability to drink
                  | potions when taking damage. [potion of mutation]
  2667 | D:3      | Gained mutation: You are partially covered in iridescent
                  | scales. (AC +2) [potion of mutation]
  2668 | D:3      | Lost mutation: You occasionally lose the ability to drink
                  | potions when taking damage. [potion of mutation]
  2668 | D:3      | Lost mutation: You are partially covered in iridescent
                  | scales. (AC +2) [potion of mutation]
  2668 | D:3      | Gained mutation: You are partially covered in iridescent
                  | scales. (AC +2) [potion of mutation]
  2668 | D:3      | Gained mutation: Your mind is acute. (Int +4, Str/Dex -1)
                  | [potion of mutation]
  2668 | D:3      | Gained mutation: You have a pair of small antennae on your
                  | head. [potion of mutation]
  2705 | D:3      | Reached skill level 4 in Spellcasting
  2797 | D:3      | Noticed Ijyb
  2808 | D:3      | Killed Ijyb
  3353 | D:3      | Found a runed translucent gate.
  3353 | D:3      | Found a runed translucent gate.
  3354 | D:3      | Found a runed translucent gate.
  3355 | D:3      | Noticed Camille's ghost (amateur HuIE)
  3527 | D:3      | Reached skill level 1 in Translocations
  3527 | D:3      | Reached XP level 5. HP: 28/28 MP: 5/13
  3529 | D:3      | Killed Camille's ghost
  3531 | D:3      | Reached skill level 5 in Spellcasting
  3902 | D:4      | Reached XP level 6. HP: 32/32 MP: 9/15
  3986 | D:4      | Found a shimmering blue altar of Sif Muna.
  3986 | D:4      | Found an iron altar of Okawaru.
  3994 | D:4      | Found a faded altar of an unknown god.
  3996 | D:4      | Found a hide-covered altar of Uskayaw.
  3998 | D:4      | Found a sacrificial altar of Ru.
  4029 | D:4      | Identified the +0 robe of Xinuh {Rampage rElec SInv}
  4119 | D:4      | Noticed a water moccasin
  4125 | D:4      | Killed a water moccasin
  4670 | D:4      | Reached skill level 6 in Spellcasting
  4883 | D:5      | Entered Level 5 of the Dungeon
  4889 | D:5      | Reached XP level 7. HP: 28/36 MP: 12/18
  5411 | D:5      | Found a staircase to the Ecumenical Temple.
  5438 | Temple   | Entered the Ecumenical Temple
  5505 | Temple   | Became a worshipper of Vehumet
  5649 | D:5      | Reached skill level 7 in Spellcasting
  5799 | D:5      | Found a broken altar of Ashenzari.
  6377 | D:6      | Noticed Blork the orc
  6377 | D:6      | Noticed Maggie
  6377 | D:6      | Found a white marble altar of Elyvilon.
  6459 | D:6      | Reached XP level 8. HP: 26/41 MP: 12/21
  6578 | D:6      | Reached skill level 8 in Spellcasting
  6674 | D:6      | Killed Maggie
  6675 | D:6      | Reached skill level 9 in Spellcasting
  6944 | D:6      | Reached skill level 5 in Translocations
  7153 | D:6      | Reached XP level 9. HP: 37/45 MP: 9/24
  7272 | D:6      | Killed Blork the orc
  7451 | D:6      | Reached skill level 10 in Spellcasting
  7457 | D:6      | Reached * piety under Vehumet
  7457 | D:6      | Offered knowledge of Freeze by Vehumet.
  7707 | D:6      | Learned a level 4 spell: Fulminant Prism
  7753 | D:6      | Reached skill level 10 in Conjurations
  7954 | D:7      | Reached skill level 1 in Hexes
  8544 | D:7      | Reached skill level 11 in Spellcasting
  9696 | D:8      | Reached ** piety under Vehumet
  9702 | D:8      | Reached XP level 10. HP: 27/50 MP: 14/27
  9890 | D:8      | Offered knowledge of Shock by Vehumet.
 10289 | D:8      | Reached skill level 12 in Spellcasting
 11027 | D:8      | Found a basalt altar of Yredelemnul.
 11108 | D:8      | Found a staircase to the Lair.
 11139 | D:8      | Reached skill level 5 in Hexes
 11555 | D:1      | Killed Terence
 11854 | D:9      | Found Suew's Magic Scroll Shoppe.
 11862 | D:9      | Bought a scroll of identify for 24 gold pieces
 11862 | D:9      | Bought a scroll of magic mapping for 90 gold pieces
 11862 | D:9      | Bought a scroll of blinking for 90 gold pieces
 11862 | D:9      | Bought a scroll of teleportation for 36 gold pieces
 11862 | D:9      | Bought a scroll of identify for 24 gold pieces
 11862 | D:9      | Bought a scroll of identify for 24 gold pieces
 12472 | D:9      | Offered knowledge of Mephitic Cloud by Vehumet.
 13171 | D:10     | Entered Level 10 of the Dungeon
 13179 | D:10     | Reached skill level 13 in Spellcasting
 13199 | D:10     | Reached *** piety under Vehumet
 13227 | D:10     | Noticed a cyclops
 13331 | D:10     | Killed a cyclops
 13332 | D:10     | Found Wuorgh's Armour Emporium.
 13375 | D:10     | Found Wonoawed's Armour Shoppe.
 13412 | D:10     | Found Xeud Ylaxt's Armour Boutique.
 13421 | D:10     | Bought a +2 hat for 192 gold pieces
 13476 | D:10     | Found a flagged portal.
 13480 | D:10     | Offered knowledge of Stone Arrow by Vehumet.
 13504 | Bailey   | Entered a bailey
 13558 | Bailey   | Reached XP level 11. HP: 40/54 MP: 23/30
 13868 | Bailey   | Reached **** piety under Vehumet
 13958 | Bailey   | Noticed a vault guard
 13964 | Bailey   | Noticed Prince Ribbit
 13967 | Bailey   | Noticed a vault guard
 13974 | Bailey   | Killed a vault guard
 13974 | Bailey   | Offered knowledge of Airstrike by Vehumet.
 13974 | Bailey   | Killed Prince Ribbit
 13991 | Bailey   | Killed a vault guard
 13992 | Bailey   | Reached skill level 14 in Spellcasting
 15061 | D:11     | Learned a level 4 spell: Airstrike
 15085 | D:11     | Noticed a two-headed ogre
 15100 | D:11     | Killed a two-headed ogre
 15100 | D:11     | Reached ***** piety under Vehumet
 15101 | D:11     | Reached skill level 1 in Fighting
 15129 | D:11     | Offered knowledge of Starburst by Vehumet.
 15540 | D:11     | Reached skill level 1 in Air Magic
 15562 | D:11     | Found a staircase to the Orcish Mines.
 16013 | D:11     | Found a runed translucent door.
 16013 | D:11     | Noticed a death knight
 16013 | D:11     | Noticed a frost giant
 16028 | D:11     | Killed a death knight
 16383 | D:11     | Noticed a deep elf archer
 16864 | D:12     | Noticed a white ugly thing
 16869 | D:12     | Killed a white ugly thing
 17092 | D:12     | Reached skill level 15 in Spellcasting
 17100 | D:12     | Reached XP level 12. HP: 58/62 MP: 28/33
 17784 | D:12     | Noticed Lodul
 17791 | D:12     | Killed Lodul
 18239 | D:13     | Noticed a centaur warrior
 18625 | D:13     | Noticed Josephine
 18626 | D:13     | Killed a centaur warrior
 18640 | D:13     | Killed Josephine
 18641 | D:13     | Slain by a freezing wraith

Illustrated notes

Levels and vault maps discovered:
D:1:      dpeg_arrival_snail, layout_basic,
          chequers_ecumenical_altar_simple_redux
D:2:      layout_loops_ring, uniq_terence, uniq_jessica
D:3:      layout_rooms, gammafunk_ghost_necromancy, roderic_serpentine_path,
          st_stairs_13, uniq_ijyb
D:4:      wander_river, layout_gridville, chequers_temple_overflow_minitemple
D:5:      nicolae_BIG_FREAKIN_CUBE, layout_layer_cave,
          mainiacjoe_overflow_six_doors_small, minmay_temple_entry_hall
D:6:      layout_rooms, mainiacjoe_overflow_catwalk, serial_glass,
          glass_columns_b, glass_columns_b, glass_columns_b, glass_columns_a,
          uniq_blork_the_orc, uniq_maggie
D:7:      layout_loops_ring, grunt_decor_junction, grunt_ministairs_8
D:8:      minmay_skewed_foursquare, layout_basic, marbit_many_paths,
          david_lair_shrubbed
D:9:      layout_basic, serial_shops, shop
D:10:     layout_roguey, serial_shops, shop, shop_fountains,
          nicolae_stop_n_shop_1, enter_bailey_7, minivault_1
D:11:     layout_rooms, zombieorc2_lemuel, minivault_13
D:12:     layout_grid_maze, uniq_lodul
D:13:     layout_loops_ring, uniq_josephine
Temple:   regret_index_temple_waves

Skill      XL: |  1  2  3  4  5  6  7  8  9 10 11 12 |
---------------+-------------------------------------+-----
Conjurations   | 5 6 7 8 9 11 12 13 | 13.5
Spellcasting   | 4 5 6 7 9 11 13 15 | 15.5
Translocations | 1 2 3 4 5 6 7 8 |  8.0
Hexes          | 4 6 8 9 |  9.0
Stealth        | 3 4 |  4.5
Fighting       | 2 |  2.8
Air Magic      | 2 4 |  4.2
Dodging        | |  2.4
Evocations     | |  0.1

Action                   |  1- 3 |  4- 6 |  7- 9 | 10-12 || total
-------------------------+-------+-------+-------+-------++-------
Melee: Short sword       |       |     8 |       |       ||     8
       Staff             |       |       |       |     2 ||     2
       Punch             |       |       |       |     1 ||     1
 Cast: Magic Dart        |    64 |    68 |   160 |   333 ||   625
       Searing Ray       |     4 |     8 |    36 |    72 ||   120
       Iskenderun's Myst |       |       |    12 |    46 ||    58
       Fulminant Prism   |       |       |       |    22 ||    22
       Airstrike         |       |       |       |    14 ||    14
Evoke: Piece from Xom's  |       |       |       |     6 ||     6
  Use: Scroll            |       |     4 |     5 |    16 ||    25
       Potion            |       |     2 |     3 |     3 ||     8
Armor: Robe              |     1 |     9 |    31 |    89 ||   130
       Skin              |     1 |       |       |       ||     1
Dodge: Dodged            |     7 |     9 |    49 |   113 ||   178
